AoeStats
← rockstar_vb

Arena

510038731Analyzed
2v2 RM · 4d ago on Sep 29, 2026· 26m 47s· 4 players
Game mode
Random Map
Map size
Medium (4 player)
Population
200
Speed
Normal
Resources
Standard
Victory
Conquest
Starting age
Dark Age
Ending age
Imperial Age
RankedLock teamsTeams togetherTeam positionsShared explorationLock speedFull tech treeHidden civsTurbo modeCheats
Victory
Defeat
🇵🇱 Saxons · Poland
973
+18
🇺🇸 Turks · United States
951
+19
🇨🇦 Varangians · Canada
1066
-21
🇨🇦 Danes · Canada
960
-16
Viking
1:36 Loom
9:55 Loom
12:32 Feudal Age
17:09 Castle Age
17:10 Double-Bit Axe
17:05 Horse Collar
19:37 Fletching
rockstar_vb
12:35 Feudal Age
17:29 Castle Age
21:36 Imperial Age
21:20 Double-Bit Axe
21:56 Gold Mining
BigOleGiraffe
9:33 Feudal Age
14:15 Castle Age
12:35 Horse Collar
12:45 Double-Bit Axe
14:21 Horse Collar
20:01 Loom
22:04 Bloodlines
24:10 Scale Barding Armor
25:58 Chain Barding Armor
26:03 Fletching
26:54 Forging
vince.dion123
11:10 Feudal Age
13:05 Double-Bit Axe
15:59 Castle Age
15:00 Loom
14:59 Horse Collar
Connection lost

Rejoining the realm…

Still unreachable

The connection could not be restored.

Session expired

The server has moved on; the page needs a fresh start.